 Dungeon Crawl Stone Soup version 0.23.2-33-g5129a83184 (webtiles) character file.

Game seed: 4214839313330267763

508 Gildeon the Magician (level 6, -1/47 HPs)
             Began as a Mummy Conjurer on July 7, 2019.
             Was an Initiate of Vehumet.
             Slain by a centaur (7 damage)
             ... on level 4 of the Dungeon.
             The game lasted 00:20:05 (5345 turns).

Gildeon the Magician (Mummy Conjurer)               Turns: 5345, Time: 00:20:05

Health: -1/47      AC:  4    Str: 11    XL:     6   Next: 98%
Magic:  12/12      EV: 13    Int: 16    God:    Vehumet [......]
Gold:   203        SH:  0    Dex: 13    Spells: 0/14 levels left

rFire    x . .     SeeInvis .   n - +0 dagger (speed)
rCold    + . .     Gourm    .   (no shield)
rNeg     + + +     Faith    .   a - +0 robe
rPois    ∞         Spirit   .   e - +0 helmet
rElec    .         Reflect  .   (no cloak)
rCorr    .         Harm     .   g - +0 pair of gloves
MR       .....                  (no boots)
Stlth    ++........             f - amulet of regeneration
HPRegen  0.55/turn              k - ring of wizardry
MPRegen  0.13/turn              (no ring)

@: about to teleport
A: no food or potions, fire vulnerability, cold resistance 1, negative energy
resistance 3, torment resistance, unbreathing
a: Renounce Religion


You were on level 4 of the Dungeon.
You worshipped Vehumet.
Vehumet was noncommittal.
You were not hungry.

You visited 2 branches of the dungeon, and saw 5 of its levels.

You collected 203 gold pieces.

Inventory:

Hand Weapons
 n - a +0 dagger of speed (weapon)
Armour
 a - a +0 robe (worn)
 e - a +0 helmet (worn)
 g - a +0 pair of gloves (worn)
Jewellery
 f - an amulet of regeneration (around neck)
 k - a ring of wizardry (left hand)
 q - an uncursed amulet of faith {unknown}
Scrolls
 b - 2 scrolls of magic mapping
 c - 2 scrolls of teleportation
 d - 3 scrolls of amnesia
 h - a scroll of random uselessness {unknown}
 i - a scroll of enchant weapon {unknown}
 j - a scroll of enchant armour {unknown}
 l - 2 scrolls of remove curse {unknown}
 m - a scroll of noise {unknown}
 o - a scroll of fear {unknown}
 p - a scroll of immolation {unknown}
 r - 2 scrolls of fog {unknown}


   Skills:
 - Level 3.0 Fighting
 + Level 3.1 Dodging
 + Level 3.3 Stealth
 + Level 4.5 Spellcasting
 + Level 4.2 Conjurations
 - Level 0.3 Hexes


You couldn't memorise any spells.
You knew the following spells:

 Your Spells              Type           Power        Failure   Level  Hunger
a - Magic Dart            Conj           ###.         1%          1    N/A
b - Searing Ray           Conj           ###...       1%          2    N/A
c - Dazzling Spray        Conj/Hex       ##....       8%          3    N/A
d - Iskenderun's Mystic   Conj           ###.....     12%         4    N/A
e - Force Lance           Conj/Tloc      ##......     26%         4    N/A

Your spell library contained the following spells:

 Spells                   Type           Power        Failure   Level  Hunger
 Fulminant Prism          Conj/Hex       ##........   24%         4    N/A

Dungeon Overview and Level Annotations

Branches:
Dungeon (4/15)             Temple (1/1) D:4

Altars:
Ashenzari
Cheibriados
Elyvilon
Gozag
Kikubaaqudgha
Makhleb
Okawaru
Trog
Uskayaw
Vehumet
Wu Jian
Xom
Yredelemnul

Annotations:
D:4 2 transporters, Lidrolic's ghost, novice HuFi


Innate Abilities, Weirdness & Mutations

You do not eat or drink.
Your flesh is vulnerable to fire.
You are immune to poison.
Your flesh is cold resistant. (rC+)
You are immune to negative energy. (rN+++)
You are immune to unholy pain and torment.
You can survive without breathing.


Message History

You see here an arrow.
The centaur shoots an arrow.
The arrow hits you!
* * * LOW HITPOINT WARNING * * *
You see here an arrow.
You open the door.
There is an open door here.
Clearing level map.
Clearing level map.
You close the door.
A centaur opens the door.
You close the door.
A centaur opens the door.
You barely miss the centaur.
The centaur unwields a +0 shortbow.
The centaur misses you.
As you read the scroll of teleportation, it crumbles to dust.
You feel strangely unstable. The centaur misses you.
You barely miss the centaur.
The centaur hits you but does no damage.
You hit the centaur.
The centaur is lightly wounded.
The centaur hits you!
You die...

............# #.#
#.#.#.#....#... ......#.#.###
#.# #.#.#.#....#.#. .#..#.#.#.#
#.###.#.#.#....#.#. .#..#.#.#.#
#...>...#.#....#.#.
#..#.#.#.#########.###.#....#.#.
#..#.#.#...............#....#.#.
#. #.#.##########.....##.# #.#.
#.#.# #.c........ #... #.#
#@#......... #..# #.#
#.#.....#... #..# #.#
#.'.....+..# #..# #.#
######.....#..# #..# #.#
#....'.....#..# #..#
#..........#.####.....#..# #...
#..#..####.#.# #.....#..# #..#
.. .... #.# #.....#..#####.#
..#.# #.# ####...........#


You could see a centaur.

Vanquished Creatures
  An ogre (D:4)
  A scorpion (D:3)
  A jelly (D:3)
  A hound (D:4)
  3 orc wizards
  An iguana (D:4)
  A hound skeleton (D:3)
  A gnoll (D:4)
  8 adders
  An ooze (D:4)
  A worm (D:4)
  A dart slug (D:1)
  2 leopard geckos (D:3)
  13 orcs
  2 ball pythons
  7 bats
  2 giant cockroaches (D:3)
  8 hobgoblins
  A jackal (D:3)
  5 quokkas
  7 frilled lizards
  9 goblins
  8 kobolds
  15 rats
100 creatures vanquished.

Notes
Turn   | Place    | Note
-------+----------+-------------------------------------------
     0 | D:1      | Gildeon the Mummy Conjurer began the quest for the Orb.
     0 | D:1      | Reached XP level 1. HP: 13/13 MP: 4/4
   446 | D:1      | Reached XP level 2. HP: 20/20 MP: 0/5
   512 | D:1      | Learned a level 2 spell: Searing Ray
  1064 | D:2      | Reached skill level 1 in Fighting
  1064 | D:2      | Reached XP level 3. HP: 25/26 MP: 0/7
  1069 | D:2      | Learned a level 3 spell: Dazzling Spray
  1435 | D:2      | Reached XP level 4. HP: 32/32 MP: 4/8
  2137 | D:3      | Learned a level 4 spell: Iskenderun's Mystic Blast
  2143 | D:3      | Found an ornate altar of the Wu Jian Council.
  2266 | D:3      | Reached XP level 5. HP: 32/38 MP: 0/10
  2802 | D:3      | Found a shattered altar of Ashenzari.
  3406 | D:3      | Found a shimmering altar of Xom.
  3428 | D:3      | Reached XP level 6. HP: 45/46 MP: 7/12
  4118 | D:4      | Found a bloodstained altar of Trog.
  4438 | D:4      | Noticed Lidrolic's ghost (novice HuFi)
  4442 | D:4      | Found a transporter.
  4480 | D:4      | Found a staircase to the Ecumenical Temple.
  4504 | Temple   | Entered the Ecumenical Temple
  4512 | Temple   | Became a worshipper of Vehumet
  5078 | D:4      | Found a transporter.
  5166 | D:4      | Learned a level 4 spell: Force Lance
  5335 | D:4      | HP: 1/47 [centaur/arrow (14)]
  5345 | D:4      | Slain by a centaur

Skill      XL: |  1  2  3  4  5  6 |
---------------+-------------------+-----
Spellcasting   | 3 4 |  4.5
Fighting       | 1 2 3 |  3.0
Stealth        | 2 3 |  3.3
Dodging        | 2 3 |  3.1
Conjurations   | 4 |  4.2
Hexes          | |  0.3

Action                   |  1- 3 |  4- 6 || total
-------------------------+-------+-------++-------
Melee: Unarmed           |     1 |       ||     1
       Club              |    10 |       ||    10
       Dagger            |       |    79 ||    79
 Cast: Magic Dart        |    70 |   174 ||   244
       Searing Ray       |       |     4 ||     4
  Use: Scroll            |     2 |     3 ||     5
 Stab: Sleeping          |       |     7 ||     7
Armor: Robe              |     2 |    24 ||    26
Dodge: Dodged            |     9 |   104 ||   113
